 Dungeon Crawl Stone Soup version 0.25-a0-496-g8c4878dea3 (webtiles) character file.

Game seed: 2370036135366444925, levelgen mode: deterministic

322816 RedPan the Warrior (level 21, -1/153 HPs)
             Began as a Gnoll Wanderer on Feb 12, 2020.
             Was a High Priest of Cheibriados.
             Killed from afar by a tengu reaver (17 damage)
             ... with a bolt of lightning
             ... on level 5 of the Vaults.
             The game lasted 02:25:52 (53912 turns).

RedPan the Warrior (Gnoll Wanderer)                Turns: 53912, Time: 02:25:53

Health: -1/153     AC: 33    Str: 33    XL:     21   Next: 56%
Magic:  18/35      EV: 22    Int: 33    God:    Cheibriados [*****.]
Gold:   4777       SH: 18    Dex: 31    Spells: 19/47 levels left

rFire    + . .     SeeInvis +   Z - +2 demon trident (elec)
rCold    . . .     Gourm    +   D - +2 kite shield {reflect}
rNeg     . . .     Faith    .   G - +5 plate armour "Xaogrot" {rElec}
rPois    .         Spirit   .   W - +2 helmet {SInv}
rElec    +         Reflect  +   S - +2 cloak {MR+}
rCorr    .         Harm     .   j - +2 pair of gloves
MR       +++..                  T - +0 pair of boots
Stlth    ++........             U - amulet of Toluenud {Gourm Dex+4}
HPRegen  0.35/turn              m - ring of protection from fire
MPRegen  0.24/turn              s - ring of protection from magic

@: about to teleport, very slow
A: distributed training, fangs 1, frail 1, low mp 1, strong nose
}: 2/15 runes: barnacled, gossamer
a: Bend Time, Temporal Distortion, Slouch, Step From Time, Renounce Religion


You were on level 5 of the Vaults.
You worshipped Cheibriados.
Cheibriados was extremely pleased with you.
You were very full.

You visited 7 branches of the dungeon, and saw 37 of its levels.
You visited 1 bazaar.
You also visited: Sewer and Ice Cave.

You collected 7656 gold pieces.
You spent 2879 gold pieces at shops.

Inventory:

Hand Weapons
 A - the +8 mace "Asok" {vamp, Int+6}
   (You found it on level 7 of the Dungeon)

   It inflicts no extra harm, but heals its wielder when it wounds a living foe.
   It affects your intelligence (+6).
 Z - a +2 demon trident of electrocution (weapon)
Armour
 j - a +2 pair of gloves (worn)
 D - a +2 kite shield of reflection (worn)
 G - the +5 plate armour "Xaogrot" (worn) {rElec}
   (You bought it in a shop on level 2 of the Vaults)

   It insulates you from electricity.
   If you remove this armour, your AC will decrease by 21 (33 -> 12).
 S - a +2 cloak of magic resistance (worn)
 T - a +0 pair of boots (worn)
 W - a +2 helmet of see invisible (worn)
 Y - a +2 plate armour of fire resistance
Jewellery
 m - a ring of protection from fire (left hand)
 n - an uncursed ring of protection from cold
 s - a ring of protection from magic (right hand)
 u - an uncursed ring of resist corrosion
 C - an uncursed ring of positive energy
 U - the amulet of Toluenud (around neck) {Gourm Dex+4}
   (You found it on level 13 of the Dungeon)

   [amulet of the gourmand]

   It allows you to eat raw meat even when not hungry.
   It affects your dexterity (+4).
Wands
 g - a wand of digging (6)
 w - a wand of scattershot (6)
 H - a wand of acid (41)
 I - a wand of iceblast (11)
 J - a wand of polymorph (17)
 L - a wand of paralysis (27)
 V - a wand of disintegration (13)
Scrolls
 c - a scroll of blinking
 d - a scroll of brand weapon
 h - 5 scrolls of teleportation
 i - 10 scrolls of magic mapping
 o - 6 scrolls of fear
 q - 10 scrolls of remove curse
 y - 9 scrolls of amnesia
 z - 12 scrolls of identify
 E - 5 scrolls of fog
 O - 6 scrolls of immolation
Potions
 a - 5 potions of flight
 b - 5 potions of brilliance
 e - 8 potions of curing
 k - a potion of cancellation
 p - 2 potions of magic
 r - 3 potions of invisibility
 t - a potion of heal wounds
 v - 2 potions of lignification
 F - 7 potions of mutation
 N - 3 potions of might
 P - 3 potions of ambrosia
 Q - 2 potions of resistance
Miscellaneous
 x - a lightning rod (4/4)
 M - a lightning rod (4/4)
 R - a lamp of fire
Comestibles
 f - 58 rations


   Skills:
 + Level 15.7 Fighting
 + Level 14.0 Short Blades
 + Level 14.0 Long Blades
 + Level 13.8 Axes
 + Level 13.8 Maces & Flails
 + Level 13.8 Polearms
 + Level 13.8 Staves
 + Level 13.8 Slings
 + Level 13.8 Bows
 + Level 13.8 Crossbows
 + Level 14.0 Throwing
 + Level 13.8 Armour
 + Level 14.0 Dodging
 + Level 14.0 Stealth
 + Level 13.8 Shields
 + Level 13.8 Unarmed Combat
 + Level 13.8 Spellcasting
 + Level 11.9 Conjurations
 + Level 11.9 Hexes
 + Level 11.9 Charms
 + Level 11.9 Summonings
 + Level 11.9 Necromancy
 + Level 11.9 Translocations
 + Level 11.9 Transmutations
 + Level 11.9 Fire Magic
 + Level 11.9 Ice Magic
 + Level 11.9 Air Magic
 + Level 11.9 Earth Magic
 + Level 11.9 Poison Magic
 + Level 14.9 Invocations
 + Level 14.0 Evocations


You had 19 spell levels left.
You knew the following spells:

 Your Spells              Type           Power        Failure   Level  Hunger
a - Mephitic Cloud        Conj/Pois/Air  #######.     1%          3    None
b - Summon Ice Beast      Ice/Summ       #######.     1%          4    None
c - Deflect Missiles      Chrm/Air       #######...   12%         6    ###....
d - Fireball              Conj/Fire      #######...   2%          5    None
e - Borgnjor's Vile Clut  Necr/Erth      #######...   2%          5    None
f - Aura of Abjuration    Summ           #######...   2%          5    None

Your spell library contained the following spells:

 Spells                   Type           Power        Failure   Level  Hunger
 Animate Skeleton         Necr           N/A          1%          1    None
 Apportation              Tloc           ######       1%          1    None
 Corona                   Hex            #######      1%          1    None
 Foxfire                  Conj/Fire      ####         1%          1    None
 Freeze                   Ice            ####         1%          1    None
 Magic Dart               Conj           ####         1%          1    None
 Sandblast                Erth           ######       1%          1    None
 Sting                    Tmut/Pois      ####         1%          1    None
 Summon Small Mammal      Summ           ####         1%          1    None
 Call Imp                 Summ           #######.     1%          2    None
 Ensorcelled Hibernation  Hex/Ice        ######       1%          2    None
 Passwall                 Tmut/Erth      #######.     1%          2    None
 Poisonous Vapours        Pois/Air       ######       1%          2    None
 Searing Ray              Conj           ######       1%          2    None
 Confusing Touch          Hex            #######.     1%          3    None
 Conjure Flame            Conj/Fire      #######.     1%          3    None
 Dazzling Flash           Conj/Hex       ######       1%          3    None
 Frozen Ramparts          Ice            ######       1%          3    None
 Gell's Gravitas          Tloc           #######...   1%          3    None
 Inner Flame              Hex/Fire       #######.     1%          3    None
 Ozocubu's Armour         Chrm/Ice       #######.     1%          3    None
 Portal Projectile        Hex/Tloc       ######       1%          3    None
 Recall                   Summ/Tloc      N/A          1%          3    None
 Spider Form              Tmut/Pois      #######...   1%          3    None
 Stone Arrow              Conj/Erth      ######       1%          3    None
 Tukima's Dance           Hex            #######.     1%          3    None
 Animate Dead             Necr           N/A          1%          4    None
 Cause Fear               Hex            #######...   1%          4    None
 Fulminant Prism          Conj/Hex       #######...   1%          4    None
 Hailstorm                Conj/Ice       #######.     1%          4    None
 Iskenderun's Mystic Bla  Conj/Tloc      #######.     1%          4    None
 Petrify                  Tmut/Erth      #######.     1%          4    None
 Sticky Flame             Conj/Fire      #######.     1%          4    None
 Summon Lightning Spire   Summ/Air       #######.     1%          4    None
 Bolt of Magma            Conj/Fire/Erth #######...   2%          5    None
 Iskenderun's Battlesphe  Conj/Chrm      #######.     2%          5    None
 Lee's Rapid Deconstruct  Erth           #######...   2%          5    None
 Metabolic Englaciation   Hex/Ice        #######...   2%          5    None
 Silence                  Hex/Air        #######...   2%          5    None
 Yara's Violent Unravell  Hex/Tmut       #######...   2%          5    None
 Death Channel            Necr           #######...   12%         6    ###....
 Dispersal                Tloc           #######...   12%         6    ###....
 Freezing Cloud           Conj/Ice/Air   #######...   12%         6    ###....
 Iron Shot                Conj/Erth      #######...   12%         6    ###....
 Shadow Creatures         Summ           N/A          12%         6    ###....
 Simulacrum               Ice/Necr       #######...   12%         6    ###....
 Orb of Destruction       Conj           #######...   56%         7    #####..
 Ring of Flames           Chrm/Fire      #######...   56%         7    #####..
 Spellforged Servitor     Conj/Summ      #######...   56%         7    #####..
 Summon Hydra             Summ           #######...   56%         7    #####..
 Controlled Blink         Tloc           N/A          99%         8    ######.
 Discord                  Hex            #######...   99%         8    ######.
 Disjunction              Tloc           #######...   99%         8    ######.
 Dragon's Call            Summ           #######...   100%        9    #######


Dungeon Overview and Level Annotations

Branches:
Dungeon (15/15)            Temple (1/1) D:4            Lair (6/6) D:8
 Shoals (4/4) Lair:4       Spider (4/4) Lair:4        Slime (0/5) Lair:6
    Orc (2/2) D:10            Elf (0/3) Orc:2        Vaults (5/5) D:13
  Crypt (0/3) Vaults:3     Depths (0/5) D:15          Sewer (visited)
  IceCv (visited)

Altars:
Ashenzari
Cheibriados
Dithmenos
Elyvilon
Fedhas
Gozag
Hepliaklqana
Kikubaaqudgha
Makhleb
Nemelex Xobeh
Okawaru
Qazlal
Ru
Sif Muna
Trog
Uskayaw
Vehumet
Wu Jian
Xom
Yredelemnul
Zin
The Shining One
Beogh

Shops:
D:12 [   D:13 *   Orc:2 !%((   Vaults:1 =   Vaults:2 **[*}   Vaults:4 *

Annotations:
D:15 exclusion: orange crystal statue
Shoals:1 2 transporters


Innate Abilities, Weirdness & Mutations

Your experience applies equally to all skills.
You have very sharp teeth.
Your uncanny sense of smell can sniff out nearby items.
You are frail. (-10% HP)
Your magical capacity is low. (-10% MP)


Message History

The ettin hits you but does no damage. The ettin closely misses you.
An ettin comes into view. It is wielding two +0 dire flails.
Unknown command.
You hit the ironheart preserver.
Lightning courses through the ironheart preserver!
The ironheart preserver is moderately wounded.
Your surroundings suddenly seem different.
A tengu reaver comes into view.
It is wielding a +0 dire flail and wearing a +2 scale mail of poison resistance.
Found a long jewelled staff, 23 stones and a phantom mirror.
As you read the scroll of teleportation, it crumbles to dust.
You feel strangely unstable.
The tengu reaver hits you with a +0 battleaxe!
* * * LOW HITPOINT WARNING * * *
You block the tengu reaver's attack.
The tengu reaver claws you but does no damage.
The tengu reaver mumbles some strange words.
The tengu reaver conjures a globe of magical energy!
The tengu reaver gestures at you while chanting.
The bolt of lightning hits you! You resist.
You die... .. #.. #..# ..# }# .G# ..##☼.##..# #(# #eC #.e##Q.# . ..# CX##((##((##.. #.. #LL

#))##..# ..#
#CD##(.# .D##*.
∆ ..
#We##..##Q.# .
#(C##..##..# ∆
#}/##..##.@##..#
### ######## ###


You could see a tengu reaver and a battlesphere.

Vanquished Creatures
  A golden dragon (Vaults:4)
  A tentacled monstrosity (Vaults:4)
  Rupert (D:12)
  2 titans
  Frances (Shoals:2)
  2 sphinxes (Vaults:4)
  Polyphemus (Shoals:2)
  A storm dragon (Vaults:5)
  A shadow dragon (Vaults:4)
  A tengu reaver (Vaults:5)
  Donald (Spider:3)
  A fire giant (D:15)
  A deep elf sorcerer (Vaults:4)
  A frost giant (Vaults:3)
  10 vault wardens
  2 emperor scorpions (Spider:4)
  A deep elf elementalist (Vaults:5)
  An orc warlord (Vaults:3)
  6 ghost moths
  5 stone giants
  8 ironheart preservers
  11 entropy weavers
  A deep elf demonologist (Vaults:4)
  12 very ugly things (Vaults:4)
  2 deep elf annihilators
  A spark wasp (Spider:4)
  A minotaur (Vaults:3)
  3 ettins
  A deep elf death mage (Vaults:5)
  Josephine (D:10)
  4 merfolk impalers (Shoals:4)
  3 merfolk javelineers (Shoals:4)
  5 fire dragons
  5 yaktaur captains
  The ghost of Kiguq the Genius of the Arcane, a journeyman VSSu of Sif Muna (Lair:4)
  The ghost of Tuischauph the Unseen, a journeyman KoAs of Uskayaw (D:12)
  5 ice dragons
  28 vault guards
  2 hydras (Lair:3)
  4 merfolk avatars
  6 ogre magi
  2 catoblepae
  5 centaur warriors
  18 two-headed ogres
  4 deep troll shamans
  A satyr (Shoals:3)
  An alligator (Vaults:3)
  4 death knights
  11 death yaks
  3 deep troll earth magi
  4 orc high priests (Orc:1)
  Urug (D:12)
  4 deep elf knights (Vaults:3)
  7 sea snakes
  A small abomination (Vaults:5)
  7 deep trolls
  16 skeletal warriors
  2 storm dragon skeletons
  4 unseen horrors
  2 flayed ghosts
  A glowing orange brain (Vaults:4)
  2 phantasmal warriors
  3 wizards
  7 orc knights
  Pikel (D:6)
  3 lindwurms
  3 deep elf archers
  9 harpies
  A harpy (shapeshifter) (Vaults:4)
  18 ironbrand convokers
  A fire giant zombie (Vaults:1)
  A lindwurm (shapeshifter) (Vaults:5)
  4 orc sorcerers
  9 orb spiders
  23 wolf spiders
  2 necromancers (Vaults:1)
  39 ugly things
  An orb spider (shapeshifter) (Vaults:4)
  2 fauns (Shoals:2)
  10 cyclopes
  6 manticores
  11 deep elf magi
  A sphinx skeleton (Vaults:3)
  2 salamanders (shapeshifter)
  3 stone giant skeletons (Vaults:3)
  3 centaur zombies
  3 ice statues (IceCv)
  8 merfolk sirens
  14 vault sentinels
  A water nymph (shapeshifter) (Vaults:3)
  4 water nymphs
  10 elephants
  3 black mambas
  A storm dragon simulacrum (Vaults:1)
  7 spiny frogs
  2 gargoyles
  6 torpor snails
  4 centaur skeletons
  A yaktaur (shapeshifter) (D:14)
  4 kobold demonologists (D:13)
  6 komodo dragons
  19 yaktaurs
  8 rime drakes
  7 freezing wraiths
  A tengu conjurer (D:13)
  7 human skeletons
  8 demonic crawlers
  3 meliai (Spider:2)
  2 wind drakes (Shoals:4)
  5 trolls
  11 hornets
  A polar bear (Lair:6)
  14 merfolk
  A wind drake (shapeshifter) (D:15)
  5 slime creatures
  25 jumping spiders
  7 snapping turtles
  13 blink frogs
  An ice dragon zombie (Vaults:1)
  A snapping turtle (shapeshifter) (Vaults:2)
  A dream sheep (shapeshifter) (Vaults:4)
  9 hippogriffs
  A frost giant simulacrum (Vaults:3)
  Sigmund (D:5)
  A tarantella (shapeshifter) (Vaults:1)
  66 redbacks
  2 shadows
  An ettin skeleton (Vaults:1)
  4 water elementals
  A spriggan (D:7)
  23 tarantellas
  10 wraiths
  A vampire (D:9)
  A wyvern (Lair:2)
  20 yaks
  A hog (Shoals:4)
  A hog (shapeshifter) (Vaults:2)
  A death yak simulacrum (Lair:5)
  4 hungry ghosts
  A basilisk (Lair:2)
  4 vampire mosquitoes (D:14)
  Edmund (D:5)
  3 wargs
  2 soldier ants
  9 water moccasins
  A deep troll skeleton (Vaults:3)
  6 porcupines
  An eye of draining (D:12)
  22 orc warriors
  12 ice beasts
  An ettin simulacrum (Vaults:3)
  An ice dragon simulacrum (Vaults:1)
  A slave (D:7)
  An eye of draining (shapeshifter) (D:13)
  3 phantoms
  A necrophage (D:12)
  2 black bears (Lair:6)
  4 sky beasts
  17 wolves
  6 boggarts
  2 black mamba simulacra (Lair:5)
  32 ogres
  15 centaurs
  10 crocodiles
  An elf skeleton (Vaults:3)
  5 big kobolds
  2 human zombies (Vaults:1)
  Blork the orc (D:5)
  A bullfrog (shapeshifter) (Vaults:1)
  16 bullfrogs
  An ogre simulacrum (Vaults:1)
  5 scorpions
  2 wyvern skeletons
  A water moccasin skeleton (D:6)
  14 killer bees
  3 dream sheep simulacra (Lair:5)
  15 wights
  9 electric eels
  A howler monkey (D:4)
  3 jellies
  8 crimson imps
  A torpor snail simulacrum (Lair:5)
  30 orc wizards
  2 quasits
  4 hounds
  Crazy Yiuf (D:7)
  A bullfrog skeleton (D:8)
  33 orc priests
  4 iguanas
  2 hell rats (D:7)
  7 worker ants
  A hound zombie (D:8)
  2 hound skeletons
  21 adders
  7 river rats
  2 shadow imps
  2 oozes (Sewer)
  An adder skeleton (D:7)
  5 worms
  2 dart slugs
  8 leopard geckos
  79 orcs
  3 ball pythons
  17 giant cockroaches
  9 goblins
  10 hobgoblins
  14 kobolds
  4 quokkas
  7 bats
  6 frilled lizards
  16 rats
  2 plants
1320 creatures vanquished.

Vanquished Creatures (collateral kills)
  Kirke (Shoals:4)
  Louise (Shoals:2)
  2 emperor scorpions
  2 entropy weavers (Spider:3)
  A spark wasp (Spider:4)
  A merfolk javelineer (Shoals:3)
  A yaktaur captain (Vaults:3)
  A catoblepas (Lair:6)
  2 merfolk avatars (Shoals:4)
  An alligator snapping turtle (Shoals:2)
  2 sea snakes
  20 harpies
  4 elephants (Lair:6)
  2 cyclopes (Shoals:4)
  8 manticores
  5 merfolk sirens
  2 water nymphs
  A rime drake (Lair:6)
  A yaktaur (Vaults:2)
  A demonic crawler (Spider:2)
  8 merfolk
  A jumping spider (Spider:3)
  2 wind drakes
  A blink frog (Lair:5)
  2 snapping turtles
  6 dream sheep (Shoals:4)
  5 redbacks (Spider:3)
  A hog (Shoals:4)
  A boggart (Vaults:3)
  3 jellies (Lair:6)
  3 oozes (Lair:6)
  2 orcs (Vaults:3)
94 creatures vanquished.

Vanquished Creatures (others)
  A stone giant (Vaults:5)
  3 yaktaur captains
  4 centaur warriors
  An ogre mage (Vaults:3)
  2 satyrs
  A deep elf archer (Vaults:4)
  A faun (Shoals:1)
  A vault sentinel (Vaults:4)
  7 yaktaurs
  2 merfolk
  3 humans (Shoals:4)
  3 slaves (D:7)
  A sky beast (D:11)
  A boggart (Vaults:2)
  3 centaurs
  A bullfrog (D:7)
  A killer bee (shapeshifter) (Vaults:5)
  A bullfrog skeleton (D:7)
  An ooze (D:7)
  17 bushes (Lair:4)
  10 fungi
  30 plants
95 creatures vanquished.

Grand Total: 1509 creatures vanquished

Notes
Turn   | Place    | Note
-------+----------+-------------------------------------------
     0 | D:1      | RedPan the Gnoll Wanderer began the quest for the Orb.
     0 | D:1      | RedPan set off with the following items: a +2 short sword,
                  | a +0 quarterstaff, a +0 falchion, a +0 robe, a ration
     0 | D:1      | Reached XP level 1. HP: 26/26 MP: 2/2
    92 | D:1      | Reached XP level 2. HP: 30/33 MP: 3/3
   660 | D:2      | Reached XP level 3. HP: 33/38 MP: 4/4
   895 | D:2      | Reached skill level 1 in Invocations
   981 | D:2      | Reached skill level 1 in Axes
   981 | D:2      | Reached skill level 1 in Maces & Flails
   981 | D:2      | Reached skill level 1 in Polearms
   981 | D:2      | Reached skill level 1 in Staves
   981 | D:2      | Reached skill level 1 in Slings
   981 | D:2      | Reached skill level 1 in Bows
   981 | D:2      | Reached skill level 1 in Crossbows
   981 | D:2      | Reached skill level 1 in Armour
   981 | D:2      | Reached skill level 1 in Shields
   981 | D:2      | Reached skill level 1 in Unarmed Combat
   981 | D:2      | Reached skill level 1 in Spellcasting
  1027 | D:2      | Reached XP level 4. HP: 43/45 MP: 6/6
  1444 | D:2      | Found an ancient bone altar of Kikubaaqudgha.
  1444 | D:2      | Found an ornate altar of the Wu Jian Council.
  1475 | D:3      | Reached skill level 1 in Conjurations
  1475 | D:3      | Reached skill level 1 in Hexes
  1475 | D:3      | Reached skill level 1 in Charms
  1475 | D:3      | Reached skill level 1 in Summonings
  1475 | D:3      | Reached skill level 1 in Necromancy
  1475 | D:3      | Reached skill level 1 in Translocations
  1475 | D:3      | Reached skill level 1 in Transmutations
  1475 | D:3      | Reached skill level 1 in Fire Magic
  1475 | D:3      | Reached skill level 1 in Ice Magic
  1475 | D:3      | Reached skill level 1 in Air Magic
  1475 | D:3      | Reached skill level 1 in Earth Magic
  1475 | D:3      | Reached skill level 1 in Poison Magic
  1488 | D:3      | Found a white marble altar of Elyvilon.
  1540 | D:3      | Reached XP level 5. HP: 19/51 MP: 7/7
  1650 | D:3      | Found a glowing drain.
  1698 | Sewer    | Entered a sewer
  2376 | Sewer    | Reached XP level 6. HP: 44/57 MP: 8/8
  2781 | Sewer    | Reached XP level 7. HP: 44/63 MP: 10/10
  3062 | D:3      | Found a blossoming altar of Fedhas.
  3792 | D:4      | Found a staircase to the Ecumenical Temple.
  3822 | D:4      | Reached skill level 9 in Fighting
  3836 | Temple   | Entered the Ecumenical Temple
  4018 | Temple   | Became a worshipper of Cheibriados the Contemplative
  4801 | D:5      | Entered Level 5 of the Dungeon
  4836 | D:5      | Reached XP level 8. HP: 50/71 MP: 12/12
  5042 | D:5      | Found a shadowy altar of Dithmenos.
  5279 | D:5      | Found a sacrificial altar of Ru.
  5561 | D:5      | Noticed Blork the orc
  5598 | D:5      | Killed Blork the orc
  5844 | D:5      | Noticed Edmund
  5855 | D:5      | Killed Edmund
  6109 | D:5      | Noticed Sigmund
  6126 | D:5      | Killed Sigmund
  6182 | D:5      | Reached * piety under Cheibriados
  6213 | D:5      | Reached XP level 9. HP: 70/76 MP: 14/14
  7242 | D:6      | Found a glowing silver altar of Zin.
  7438 | D:6      | Found an opulent altar of Gozag.
  7635 | D:6      | Found a stormy altar of Qazlal.
  7987 | D:7      | Noticed Pikel
  8250 | D:6      | Killed Pikel
  8250 | D:6      | Reached skill level 5 in Short Blades
  8250 | D:6      | Reached skill level 5 in Long Blades
  8250 | D:6      | Reached skill level 5 in Throwing
  8250 | D:6      | Reached skill level 5 in Dodging
  8250 | D:6      | Reached skill level 5 in Stealth
  8250 | D:6      | Reached skill level 5 in Evocations
  8592 | D:7      | Reached skill level 5 in Invocations
  8950 | D:7      | Found a runed translucent door.
  8951 | D:7      | Noticed Crazy Yiuf
  9243 | D:7      | Reached XP level 10. HP: 82/85 MP: 17/17
  9278 | D:7      | Found a sparkling altar of Nemelex Xobeh.
  9329 | D:7      | Killed Crazy Yiuf
  9342 | D:7      | Got a scorched mace
  9343 | D:7      | Identified the +8 mace "Asok" {vamp, Int+6} (You found it
                  | on level 7 of the Dungeon)
  9368 | D:8      | Found a sand-covered staircase.
  9368 | D:8      | Noticed a death yak
  9692 | D:8      | Reached ** piety under Cheibriados
  9725 | D:8      | Reached skill level 5 in Axes
  9725 | D:8      | Reached skill level 5 in Maces & Flails
  9725 | D:8      | Reached skill level 5 in Polearms
  9725 | D:8      | Reached skill level 5 in Staves
  9725 | D:8      | Reached skill level 5 in Slings
  9725 | D:8      | Reached skill level 5 in Bows
  9725 | D:8      | Reached skill level 5 in Crossbows
  9725 | D:8      | Reached skill level 5 in Armour
  9725 | D:8      | Reached skill level 5 in Shields
  9725 | D:8      | Reached skill level 5 in Unarmed Combat
  9725 | D:8      | Reached skill level 5 in Spellcasting
  9836 | D:8      | Found a roughly hewn altar of Beogh.
  9875 | D:8      | Reached skill level 10 in Fighting
 10097 | D:8      | Reached *** piety under Cheibriados
 10288 | D:8      | Noticed a death yak
 10288 | D:8      | Noticed a death yak
 10307 | D:7      | Killed a death yak
 10333 | D:7      | Killed a death yak
 10703 | D:8      | Reached XP level 11. HP: 91/91 MP: 19/19
 10764 | D:8      | Killed a death yak
 11006 | D:8      | Found a staircase to the Lair.
 11291 | D:8      | Noticed a two-headed ogre
 11309 | D:8      | Killed a two-headed ogre
 11309 | D:8      | Reached skill level 5 in Conjurations
 11309 | D:8      | Reached skill level 5 in Hexes
 11309 | D:8      | Reached skill level 5 in Charms
 11309 | D:8      | Reached skill level 5 in Summonings
 11309 | D:8      | Reached skill level 5 in Necromancy
 11309 | D:8      | Reached skill level 5 in Translocations
 11309 | D:8      | Reached skill level 5 in Transmutations
 11309 | D:8      | Reached skill level 5 in Fire Magic
 11309 | D:8      | Reached skill level 5 in Ice Magic
 11309 | D:8      | Reached skill level 5 in Air Magic
 11309 | D:8      | Reached skill level 5 in Earth Magic
 11309 | D:8      | Reached skill level 5 in Poison Magic
 11766 | D:8      | Found a basalt altar of Yredelemnul.
 11766 | D:8      | Noticed a deep elf mage
 11775 | D:8      | Killed a deep elf mage
 11974 | D:9      | Found a bloodstained altar of Trog.
 11975 | D:9      | Found a burning altar of Makhleb.
 12100 | D:9      | Noticed a centaur warrior
 12206 | D:9      | You fall into a shaft and drop 1 floor!
 12206 | D:10     | Entered Level 10 of the Dungeon
 12334 | D:10     | Noticed Josephine
 12357 | D:10     | Killed Josephine
 12716 | D:10     | Found a bloodstained altar of Trog.
 13042 | D:9      | Reached **** piety under Cheibriados
 13080 | D:9      | Killed a centaur warrior
 13080 | D:9      | Reached XP level 12. HP: 93/99 MP: 22/22
 13124 | D:9      | Found a shimmering blue altar of Sif Muna.
 13124 | D:9      | Found a hazy altar of Hepliaklqana.
 13142 | D:9      | Noticed a two-headed ogre
 13186 | D:9      | Killed a two-headed ogre
 13845 | D:10     | Found a staircase to the Orcish Mines.
 14031 | Lair:1   | Entered Level 1 of the Lair of Beasts
 14419 | Lair:1   | Got a smoking trident
 14420 | Lair:1   | Identified the +7 trident "Afuhei James" {speed, rN++
                  | Dex+3} (You found it on level 1 of the Lair of Beasts)
 14471 | Lair:1   | Reached ***** piety under Cheibriados
 14541 | Lair:1   | Found a stormy altar of Qazlal.
 14950 | Lair:1   | Reached skill level 11 in Fighting
 15949 | Lair:2   | Got a jewelled dagger
 15950 | Lair:2   | Identified the +7 dagger of Icineunk {drain, rN+ Int+4}
                  | (You found it on level 2 of the Lair of Beasts)
 16854 | Lair:3   | Noticed a six-headed hydra
 16863 | Lair:3   | Killed a six-headed hydra
 16905 | Lair:3   | Noticed a four-headed hydra
 16920 | Lair:3   | Killed a four-headed hydra
 17342 | Lair:4   | Reached XP level 13. HP: 106/106 MP: 24/24
 17792 | Lair:4   | Found a snail-covered altar of Cheibriados.
 17928 | Lair:4   | You fall into a shaft and drop 1 floor!
 17995 | Lair:5   | Reached ****** piety under Cheibriados
 18118 | Lair:5   | Learned a level 3 spell: Mephitic Cloud
 18295 | Lair:5   | Found a runed translucent gate.
 18295 | Lair:5   | Found a runed translucent gate.
 18295 | Lair:5   | Found a runed translucent gate.
 18657 | Lair:5   | Got a fine lajatang
 18658 | Lair:5   | Identified the +6 lajatang "Juryocuf" {vorpal, rN+ Dex+7}
                  | (You found it on level 5 of the Lair of Beasts)
 18879 | Lair:5   | Noticed Kiguq's ghost (journeyman VSSu)
 19075 | Lair:4   | Found a staircase to the Shoals.
 19288 | Lair:4   | Found a hole to the Spider Nest.
 19730 | Lair:6   | Entered Level 6 of the Lair of Beasts
 19737 | Lair:6   | Learned a level 3 spell: Ozocubu's Armour
 19880 | Lair:6   | Learned a level 4 spell: Summon Ice Beast
 20041 | Lair:6   | Found a staircase to the Slime Pits.
 20282 | Lair:6   | Learned a level 6 spell: Deflect Missiles
 20670 | Lair:6   | Reached XP level 14. HP: 93/114 MP: 16/26
 21308 | D:11     | Found a frozen archway.
 21318 | IceCv    | Entered an ice cave
 21366 | IceCv    | Reached skill level 12 in Fighting
 22640 | D:11     | Found a white marble altar of Elyvilon.
 22942 | D:12     | Found an iron altar of Okawaru.
 22982 | D:12     | Noticed Rupert
 23009 | D:12     | Paralysed by Rupert for 7 turns
 23025 | D:12     | Killed Rupert
 23392 | D:12     | Found a runed translucent door.
 23414 | D:12     | Noticed Urug
 23427 | D:12     | Killed Urug
 23480 | D:12     | Found Ijopnekh's Antique Armour Emporium.
 23486 | D:12     | Bought a pair of runed boots for 157 gold pieces
 23496 | D:12     | Identified a +2 pair of boots of running (You bought it in
                  | a shop on level 12 of the Dungeon)
 23537 | D:12     | Reached skill level 10 in Invocations
 24530 | D:12     | Noticed Tuischauph's ghost (journeyman KoAs)
 24550 | D:12     | Killed Tuischauph's ghost
 24916 | D:13     | Got a crude diamond amulet
 24917 | D:13     | Identified the amulet of Toluenud {Gourm Dex+4} (You found
                  | it on level 13 of the Dungeon)
 25177 | D:13     | Reached XP level 15. HP: 107/122 MP: 22/28
 25225 | D:13     | Found a gate to the Vaults.
 25426 | D:13     | Found Pyinem's Assorted Antiques.
 25431 | D:13     | Bought a scroll of identify for 70 gold pieces
 25431 | D:13     | Bought a scroll of identify for 70 gold pieces
 25652 | D:14     | Reached skill level 10 in Short Blades
 25652 | D:14     | Reached skill level 10 in Long Blades
 25652 | D:14     | Reached skill level 10 in Throwing
 25652 | D:14     | Reached skill level 10 in Dodging
 25652 | D:14     | Reached skill level 10 in Evocations
 25762 | D:14     | Reached skill level 10 in Stealth
 26456 | D:14     | You fall into a shaft and drop 1 floor!
 26456 | D:15     | Entered Level 15 of the Dungeon
 26939 | D:15     | Reached skill level 10 in Axes
 26939 | D:15     | Reached skill level 10 in Maces & Flails
 26939 | D:15     | Reached skill level 10 in Polearms
 26939 | D:15     | Reached skill level 10 in Staves
 26939 | D:15     | Reached skill level 10 in Slings
 26939 | D:15     | Reached skill level 10 in Bows
 26939 | D:15     | Reached skill level 10 in Crossbows
 26939 | D:15     | Reached skill level 10 in Armour
 26939 | D:15     | Reached skill level 10 in Shields
 26939 | D:15     | Reached skill level 10 in Unarmed Combat
 26939 | D:15     | Reached skill level 10 in Spellcasting
 27014 | D:15     | Found a staircase to the Depths.
 27015 | D:15     | Noticed a fire giant
 27644 | D:15     | Found a glowing golden altar of the Shining One.
 27655 | D:15     | Got a blackened quarterstaff
 27656 | D:15     | Identified the +3 quarterstaff "Newtbane" {vorpal, rN++
                  | Int-5} (You found it on level 15 of the Dungeon)
 27878 | D:15     | Killed a fire giant
 28636 | Orc:1    | Entered Level 1 of the Orcish Mines
 28687 | Orc:1    | You fall into a shaft and drop 1 floor!
 28687 | Orc:2    | Entered Level 2 of the Orcish Mines
 29456 | Lair:4   | Killed Kiguq's ghost
 29688 | Lair:5   | Got the ring of the Ten Wishes {Fire}
 29690 | Lair:5   | Identified the ring of the Ten Wishes {Fire rN+ MP-9 Dex+7}
                  | (You found it on level 5 of the Lair of Beasts)
 29705 | Lair:5   | Identified The Intricacies of Hermeneutics
 30438 | Orc:1    | Reached XP level 16. HP: 117/129 MP: 30/30
 30998 | Orc:1    | Reached skill level 13 in Fighting
 31774 | Orc:2    | Found Micar's Weapon Boutique.
 31774 | Orc:2    | Found Jufunulargh's Weapon Boutique.
 31775 | Orc:2    | Found Fetrab's Distillery.
 31778 | Orc:2    | Found Epabb's Food Shop.
 31783 | Orc:2    | Bought a potion of curing for 51 gold pieces
 31783 | Orc:2    | Bought 2 potions of curing for 102 gold pieces
 31783 | Orc:2    | Bought a potion of heal wounds for 85 gold pieces
 31783 | Orc:2    | Bought a potion of invisibility for 136 gold pieces
 31853 | Orc:2    | Found a staircase to the Elven Halls.
 32240 | Spider:1 | Entered Level 1 of the Spider Nest
 33979 | Spider:2 | Learned a level 5 spell: Bolt of Magma
 34957 | Spider:3 | Noticed Donald
 34987 | Spider:3 | Killed Donald
 36249 | Spider:3 | Learned a level 5 spell: Fireball
 36908 | Spider:4 | Entered Level 4 of the Spider Nest
 37457 | Spider:4 | Reached XP level 17. HP: 133/137 MP: 0/32
 37618 | Spider:4 | Found the +3 robe of Folly {Archmagi, MR-- Int+5}
 39864 | Spider:4 | Got a gossamer rune of Zot
 40100 | Shoals:1 | Entered Level 1 of the Shoals
 40197 | Shoals:1 | Found a transporter.
 40783 | Shoals:1 | Found a transporter.
 41152 | Shoals:2 | Noticed Louise
 41169 | Shoals:2 | Killed Louise
 41253 | Shoals:2 | Learned a level 5 spell: Borgnjor's Vile Clutch
 41284 | Shoals:2 | Noticed Frances
 41285 | Shoals:2 | Noticed Polyphemus
 41399 | Shoals:2 | Killed Polyphemus
 41579 | Shoals:2 | Gained mutation: Your magical capacity is low. (-10% MP) [a
                  | neqoxec]
 41584 | Shoals:2 | Killed Frances
 41723 | Shoals:2 | Found a flickering gateway to a bazaar.
 41797 | Bazaar   | Entered a bazaar
 41811 | Bazaar   | Found Wasigow's General Store.
 41815 | Bazaar   | Bought a scroll of teleportation for 48 gold pieces
 41826 | Bazaar   | Found Ujoudiutt's Armour Emporium.
 41830 | Bazaar   | Bought a +2 helmet of see invisible for 258 gold pieces
 41852 | Bazaar   | Found Eramnani's Magic Scroll Emporium.
 41856 | Bazaar   | Bought a scroll of teleportation for 30 gold pieces
 41856 | Bazaar   | Bought a scroll of enchant armour for 75 gold pieces
 41981 | Shoals:2 | Reached skill level 10 in Conjurations
 41981 | Shoals:2 | Reached skill level 10 in Hexes
 41981 | Shoals:2 | Reached skill level 10 in Charms
 41981 | Shoals:2 | Reached skill level 10 in Summonings
 41981 | Shoals:2 | Reached skill level 10 in Necromancy
 41981 | Shoals:2 | Reached skill level 10 in Translocations
 41981 | Shoals:2 | Reached skill level 10 in Transmutations
 41981 | Shoals:2 | Reached skill level 10 in Fire Magic
 41981 | Shoals:2 | Reached skill level 10 in Ice Magic
 41981 | Shoals:2 | Reached skill level 10 in Air Magic
 41981 | Shoals:2 | Reached skill level 10 in Earth Magic
 41981 | Shoals:2 | Reached skill level 10 in Poison Magic
 42405 | Shoals:3 | Reached XP level 18. HP: 75/145 MP: 15/30
 42415 | Shoals:3 | Reached skill level 14 in Fighting
 42917 | Shoals:3 | Noticed a titan
 42951 | Shoals:3 | Killed a titan
 43268 | Shoals:3 | Identified a scroll of acquirement
 43268 | Shoals:3 | Identified the +1 pair of gloves of the Rabble {SInv} (You
                  | acquired it on level 3 of the Shoals)
 43513 | Shoals:4 | Entered Level 4 of the Shoals
 43516 | Shoals:4 | Noticed Kirke
 43528 | Shoals:4 | Killed Kirke
 44564 | Shoals:4 | Identified the Disquisition on Supportive Contamination
 44573 | Shoals:4 | Learned a level 5 spell: Aura of Abjuration
 44889 | Shoals:4 | Got a barnacled rune of Zot
 45245 | Vaults:1 | Entered Level 1 of the Vaults
 45645 | Vaults:1 | Paralysed by an orc sorcerer for 6 turns
 45842 | Vaults:1 | Found Asothror's Jewellery Boutique.
 46551 | Vaults:1 | Identified the +5 halberd of the Elven Halls {vorpal,
                  | Int+2} (You acquired it on level 1 of the Vaults)
 47088 | Vaults:2 | Reached XP level 19. HP: 139/153 MP: 31/31
 47188 | Vaults:2 | Found Acvien's Antique Armour Shop.
 47540 | Vaults:2 | Found Atrefuf's Assorted Antiques.
 47541 | Vaults:2 | Found Voatunn's Gadget Boutique.
 47548 | Vaults:2 | Bought a slimy plate armour for 1288 gold pieces
 47548 | Vaults:2 | Identified the +5 plate armour "Xaogrot" {rElec} (You
                  | bought it in a shop on level 2 of the Vaults)
 47633 | Vaults:2 | Found Iwich's General Store.
 47641 | Vaults:2 | Bought a potion of heal wounds for 60 gold pieces
 47722 | Vaults:2 | Found Zaoxox's General Store.
 48382 | Vaults:2 | Identified Gearofam's Tome of Stones and Companions
 48892 | Vaults:3 | Paralysed by a hornet for 2 turns
 49353 | Vaults:3 | Found a staircase to the Crypt.
 49836 | Vaults:3 | Reached XP level 20. HP: 161/161 MP: 33/33
 49937 | Vaults:3 | Reached skill level 15 in Fighting
 52399 | Vaults:4 | Found Lemeduki's Assorted Antiques.
 52404 | Vaults:4 | Bought a potion of curing for 93 gold pieces
 52404 | Vaults:4 | Bought a scroll of blinking for 232 gold pieces
 52404 | Vaults:4 | Bought a scroll of teleportation for 93 gold pieces
 52404 | Vaults:4 | Bought a scroll labeled NEONYA QOSKUME for 31 gold pieces
 52721 | Vaults:5 | Entered Level 5 of the Vaults
 52725 | Vaults:5 | Reached XP level 21. HP: 169/169 MP: 18/34
 52729 | Vaults:5 | Noticed a golden dragon
 52933 | Vaults:5 | Identified the +10 glaive "Wilikho" {drain, rPois}
 53072 | Vaults:4 | Gained mutation: You are frail. (-10% HP) [a shining eye]
 53638 | Vaults:4 | Killed a golden dragon
 53877 | Vaults:5 | Noticed a golden dragon
 53912 | Vaults:5 | Killed from afar by a tengu reaver

Levels and vault maps discovered:
D:1:      scummos_arrival_simple_crosswalls, layout_loops_ring
D:2:      minmay_roachtagon, layout_rooms, gammafunk_temple_overflow_wave,
          minmay_misc_feat_more_columns
D:3:      layout_basic, nicolae_overflow_crystal_walls,
          overflow_temple_1_default, portal_sewer_entry_b
D:4:      layout_basic, temple_fountains, first_ration, serial_bayou_lagoon_b
D:5:      layout_loops_corners, nicolae_dithmenos_through_a_glass_darkly,
          nicolae_ru_great_annihilating_truth, uniq_blork_the_orc, uniq_edmund,
          uniq_sigmund
D:6:      layout_gridville, lemuel_coloured_pillars_altar, basic_altar,
          minmay_misc_feat_secret_circle, nrook_pool_corridor,
          nicolae_qazlal_eye_of_the_storm
D:7:      layout_rooms, the_bakery, nemelex_diamond_rough_becter,
          uniq_crazy_yiuf_cottage, uniq_pikel
D:8:      layout_rooms, dpeg_lair_monsters, special_room [special_room_orc],
          enter_ossuary_1, fountainhead, david_defended_altar_elf
D:9:      layout_big_octagon, chequers_temple_overflow_statue_of_worship,
          minmay_radiant
D:10:     layout_roguey, orc_0_dummy, trog_book, uniq_josephine
D:11:     layout_loops_ring, portal_ice_cave_rime, enter_bailey_3,
          elyvilon_altar_1
D:12:     layout_roguey, basic_altar, serial_shops, shop,
          ebering_ghost_reflecting_pool, serial_bayou, serial_bayou_pond_b,
          serial_bayou_pond_c, serial_bayou_lake_a, serial_bayou_pond_e,
          uniq_rupert, uniq_urug
D:13:     layout_irregular_city, david_vaults_4, serial_shops, shop, drop_trap
D:14:     layout_loops_corners, kennysheep_boxes
D:15:     grunt_enter_depths_giant_problem, layout_loops_ring,
          solitary_fountain, basic_altar, grunt_ministairs_11, minivault_16
Temple:   minmay_temple_bridge_abc
Lair:1:   layout_loops_ring, lemuel_altar_in_water2
Lair:2:   minmay_lair_venomous_thicket, layout_small_grid, grunt_megastairs_3
Lair:3:   layout_chaotic_city, serial_bayou_shore_a
Lair:4:   layout_gridlike, elwin_shoals_entry_rocks,
          spider_nest_entry_funnel_web, minmay_hedge_maze,
          nicolae_lair_grove_arrangements, kennysheep_snail_temple
Lair:5:   layout_cave_pods, gammafunk_ghost_icy, lookout_lair_type
Lair:6:   grunt_lair_end_beastmaster, layout_regular_city,
          nicolae_slime_entry_slimehenge
Shoals:1: gammafunk_the_bubble [the_bubble_gammafunk_split], layout_shoals
Shoals:2: layout_shoals, serial_shops, bzr_entry_gold, nicolae_shoals_so_close,
          uniq_polyphemus, uniq_louise, uniq_frances
Shoals:3: cheibrodos_shoals_gigantism, layout_shoals
Shoals:4: shoals_end_simple, layout_shoals, uniq_kirke
Spider:1: layout_spider_delve, drop_trap
Spider:2: layout_spider_delve
Spider:3: layout_chambers, uniq_donald
Spider:4: spider_rune_water
Orc:1:    layout_caves, nicolae_orc_damp_corner, nicolae_orc_pool_cavern
Orc:2:    st_orc_mages, layout_caves
Vaults:1: vaults_standard_mumra_x, vaults_dpeg_spiral,
          nicolae_vaults_ninety_degrees, vaults_room_door_hall,
          grunt_vaults_hallway_short, v_misc_22, layout_vaults_quadrants,
          serial_shops, nicolae_shop_statue_plus
Vaults:2: vaults_mumra_chevron_long, nicolae_vaults_three_branches, v_misc_28,
          v_rooms_4, nicolae_vaults_mini_display_case,
          nicolae_vaults_yaktaur_gun_rack, nicolae_vaults_little_squares_6,
          vaults_room_fours, nicolae_vaults_little_squares_6,
          ontoclasm_vaults_ring_large, layout_vaults_chaotic_city, serial_shops,
          shop, shop, nicolae_shop_overgrown_old_shop, shop, shop_statue
Vaults:3: dpeg_vaults_monster_row, nicolae_vaults_what_the_h, st_check,
          minmay_crypt_entry_skeletal_spiral, v_misc_2, nicolae_vaults_asterisk,
          hangedman_vaults_slice, vaults_room_semicircle,
          nicolae_vaults_little_squares_3, grunt_vaults_funnel,
          nicolae_vaults_big_ls, ontoclasm_vaults_ligature,
          ontoclasm_vaults_ring_large, vaults_mumra_lcd,
          layout_vaults_maze_bifur
Vaults:4: vaults_dpeg_encased_lava, v_misc_29, vaults_room_fancy_cross,
          v_rooms_2, nicolae_vaults_circle_grid_b, nicolae_vaults_c_with_doors,
          v_misc_16, nicolae_vaults_puzzle_piece, vaults_mumra_hex,
          ontoclasm_vaults_idyll, vaults_dpeg_cross, nicolae_vaults_rhombus_7,
          nicolae_vaults_little_squares_5, layout_vaults_omnibox, serial_shops,
          shop
Vaults:5

Skill      XL: |  1  2  3  4  5  6  7  8  9 10 11 12 13 14 15 16 17 18 19 20 21 |
---------------+----------------------------------------------------------------+-----
Invocations    | 1 2 3 4 5 6 7 8 9 10 11 12 13 14 | 14.9
Axes           | 1 2 3 4 5 6 7 8 9 10 11 12 13 | 13.8
Maces & Flails | 1 2 3 4 5 6 7 8 9 10 11 12 13 | 13.8
Polearms       | 1 2 3 4 5 6 7 8 9 10 11 12 13 | 13.8
Staves         | 1 2 3 4 5 6 7 8 9 10 11 12 13 | 13.8
Slings         | 1 2 3 4 5 6 7 8 9 10 11 12 13 | 13.8
Bows           | 1 2 3 4 5 6 7 8 9 10 11 12 13 | 13.8
Crossbows      | 1 2 3 4 5 6 7 8 9 10 11 12 13 | 13.8
Armour         | 1 2 3 4 5 6 7 8 9 10 11 12 13 | 13.8
Shields        | 1 2 3 4 5 6 7 8 9 10 11 12 13 | 13.8
Unarmed Combat | 1 2 3 4 5 6 7 8 9 10 11 12 13 | 13.8
Spellcasting   | 1 2 3 4 5 6 7 8 9 10 11 12 13 | 13.8
Conjurations   | 1 2 3 4 5 6 7 8 9 10 11 | 11.9
Hexes          | 1 2 3 4 5 6 7 8 9 10 11 | 11.9
Charms         | 1 2 3 4 5 6 7 8 9 10 11 | 11.9
Summonings     | 1 2 3 4 5 6 7 8 9 10 11 | 11.9
Necromancy     | 1 2 3 4 5 6 7 8 9 10 11 | 11.9
Translocations | 1 2 3 4 5 6 7 8 9 10 11 | 11.9
Transmutations | 1 2 3 4 5 6 7 8 9 10 11 | 11.9
Fire Magic     | 1 2 3 4 5 6 7 8 9 10 11 | 11.9
Ice Magic      | 1 2 3 4 5 6 7 8 9 10 11 | 11.9
Air Magic      | 1 2 3 4 5 6 7 8 9 10 11 | 11.9
Earth Magic    | 1 2 3 4 5 6 7 8 9 10 11 | 11.9
Poison Magic   | 1 2 3 4 5 6 7 8 9 10 11 | 11.9
Short Blades   | 3 4 5 6 7 8 9 10 11 12 13 14 | 14.0
Long Blades    | 3 4 5 6 7 8 9 10 11 12 13 14 | 14.0
Throwing       | 3 4 5 6 7 8 9 10 11 12 13 14 | 14.0
Dodging        | 3 4 5 6 7 8 9 10 11 12 13 14 | 14.0
Evocations     | 3 4 5 6 7 8 9 10 11 12 13 14 | 14.0
Stealth        | 3 4 5 6 7 8 9 10 11 12 13 14 | 14.0
Fighting       | 9 10 11 12 13 14 15 | 15.7

Action                   |  1- 3 |  4- 6 |  7- 9 | 10-12 | 13-15 | 16-18 | 19-21 || total
-------------------------+-------+-------+-------+-------+-------+-------+-------++-------
Melee: Short sword       |    85 |   300 |   343 |       |       |       |       ||   728
       Bite              |     3 |    30 |    76 |   167 |   438 |   467 |   242 ||  1423
       Punch             |       |     3 |     4 |       |       |       |       ||     7
       Flail             |       |       |   122 |       |       |       |       ||   122
       Falchion          |       |       |   115 |     4 |       |       |       ||   119
       Mace              |       |       |       |   864 |  1873 |  1776 |       ||  4513
       Unarmed           |       |       |       |    13 |       |       |       ||    13
       Demon trident     |       |       |       |       |       |   179 |  1074 ||  1253
 Cast: Summon Ice Beast  |       |       |       |       |    14 |   118 |     5 ||   137
       Mephitic Cloud    |       |       |       |       |    12 |    27 |       ||    39
       Bolt of Magma     |       |       |       |       |       |    15 |       ||    15
       Fireball          |       |       |       |       |       |    17 |       ||    17
       Deflect Missiles  |       |       |       |       |       |     2 |       ||     2
       Aura of Abjuratio |       |       |       |       |       |     1 |     3 ||     4
       Borgnjor's Vile C |       |       |       |       |       |       |    45 ||    45
Invok: Bend Time         |       |       |     5 |    20 |    24 |    14 |     5 ||    68
       Slouch            |       |       |       |       |       |     7 |     7 ||    14
       Step From Time    |       |       |       |       |       |     1 |     1 ||     2
Evoke: Lightning rod     |       |       |       |       |       |     3 |       ||     3
       Wand              |       |       |       |       |       |       |     2 ||     2
  Use: Scroll            |       |     5 |     7 |     9 |    10 |    14 |     8 ||    53
       Potion            |       |     2 |     2 |     4 |     2 |    11 |     6 ||    27
 Stab: Sleeping          |     2 |     2 |     2 |     1 |     1 |     3 |     2 ||    13
       Paralysed         |       |       |     1 |       |       |       |       ||     1
       Distracted        |       |       |       |     1 |     2 |    20 |     5 ||    28
       Confused          |       |       |       |       |    19 |    29 |       ||    48
       Held in net/web   |       |       |       |       |       |     1 |       ||     1
  Eat: Chunk             |       |     6 |    15 |    13 |    40 |    32 |    14 ||   120
       Ration            |       |       |     1 |     1 |       |       |       ||     2
Armor: Ring mail         |    33 |   107 |    40 |       |       |       |       ||   180
       Chain mail        |       |       |    95 |       |       |       |       ||    95
       Scale mail        |       |       |   114 |   168 |       |       |       ||   282
       Plate armour      |       |       |       |   367 |   642 |   917 |   214 ||  2140
       Skin              |       |       |       |    11 |       |       |       ||    11
Dodge: Dodged            |    39 |   176 |   228 |   518 |  1322 |  1763 |   406 ||  4452
       Deflected         |       |       |       |       |       |     8 |    54 ||    62
Block: Kite shield       |       |       |   111 |   694 |  1498 |  2055 |   728 ||  5086
       Reflection        |       |       |       |       |       |    90 |   111 ||   201
       Rpst.: Falchion   |       |       |     9 |       |       |       |       ||     9

Table legend:
 A = Non-vault XP
 B = Vault XP
 C = Vault XP percentage of total XP
 D = Non-vault monster count
 E = Vault monster count
 F = Vault count percentage of total count
                 A         B        C        D         E       F
            +---------+---------+-------+---------+---------+-------
      Total |  312194 |  237348 |  43.2 |     956 |     483 |  33.6
            +---------+---------+-------+---------+---------+-------
        D:1 |      44 |       0 |   0.0 |      17 |       0 |   0.0
        D:2 |      53 |      24 |  31.2 |      19 |      12 |  38.7
        D:3 |     154 |      42 |  21.4 |      25 |       5 |  16.7
        D:4 |     462 |       0 |   0.0 |      10 |       0 |   0.0
        D:5 |     641 |     541 |  45.8 |      14 |       7 |  33.3
        D:6 |     998 |     641 |  39.1 |      20 |       1 |   4.8
        D:7 |    1230 |    2044 |  62.4 |      20 |       6 |  23.1
        D:8 |    3304 |    1936 |  36.9 |      36 |      32 |  47.1
        D:9 |    2471 |    1332 |  35.0 |      22 |       4 |  15.4
       D:10 |    2380 |    1917 |  44.6 |      22 |       5 |  18.5
       D:11 |    5607 |     745 |  11.7 |      39 |       6 |  13.3
       D:12 |    7349 |    5073 |  40.8 |      34 |       5 |  12.8
       D:13 |    6288 |    2852 |  31.2 |      19 |       5 |  20.8
       D:14 |   18127 |       0 |   0.0 |      38 |       0 |   0.0
       D:15 |   13853 |    2109 |  13.2 |      30 |       3 |   9.1
     Lair:1 |    2559 |       0 |   0.0 |      13 |       0 |   0.0
     Lair:2 |     943 |    1808 |  65.7 |       6 |      13 |  68.4
     Lair:3 |    4288 |       0 |   0.0 |      15 |       0 |   0.0
     Lair:4 |    6067 |    4117 |  40.4 |      18 |       9 |  33.3
     Lair:5 |    3915 |    1737 |  30.7 |      19 |      10 |  34.5
     Lair:6 |    7492 |    6876 |  47.9 |      29 |      23 |  44.2
   Shoals:1 |    9796 |       0 |   0.0 |      26 |       0 |   0.0
   Shoals:2 |   13213 |    7182 |  35.2 |      33 |       7 |  17.5
   Shoals:3 |    9149 |    4262 |  31.8 |      22 |       4 |  15.4
   Shoals:4 |    8856 |   20181 |  69.5 |      27 |      35 |  56.5
   Spider:1 |    7529 |       0 |   0.0 |      16 |       0 |   0.0
   Spider:2 |   12709 |       0 |   0.0 |      40 |       0 |   0.0
   Spider:3 |   22583 |    1795 |   7.4 |      59 |       1 |   1.7
   Spider:4 |   10583 |   21537 |  67.1 |      24 |      40 |  62.5
      Orc:1 |    2741 |    4856 |  63.9 |      29 |      24 |  45.3
      Orc:2 |     200 |    1120 |  84.8 |       5 |      21 |  80.8
   Vaults:1 |   15253 |    7141 |  31.9 |      34 |      10 |  22.7
   Vaults:2 |   19989 |   11500 |  36.5 |      27 |      18 |  40.0
   Vaults:3 |   40535 |   39524 |  49.4 |      74 |      62 |  45.6
   Vaults:4 |   45348 |   42063 |  48.1 |      67 |      45 |  40.2
   Vaults:5 |    5485 |   38800 |  87.6 |       8 |      37 |  82.2
      Sewer |       0 |     402 | 100.0 |       0 |      22 | 100.0
      IceCv |       0 |    3191 | 100.0 |       0 |      11 | 100.0
            +---------+---------+-------+---------+---------+-------
